AoeStats
← Pwncakes

Arena

505768386Analyzed
3v3 RM · 23d ago on Sep 11, 2026· 36m 50s· 6 players
Game mode
Random Map
Map size
Normal (6 player)
Population
200
Speed
Normal
Resources
Standard
Victory
Conquest
Starting age
Dark Age
Ending age
Imperial Age
RankedLock teamsTeams togetherTeam positionsShared explorationLock speedFull tech treeHidden civsTurbo modeCheats
Victory
Defeat
🇻🇪 Italians · Venezuela
1270
+17
🇪🇨 Franks · Ecuador
1268
+17
🇻🇪 Huns · Venezuela
1238
+18
🇦🇷 Japanese · Argentina
1314
-19
🇺🇸 Celts · United States
1268
-17
🇲🇽 Maya · Mexico
1266
-16
Keonnare
10:38 Feudal Age
12:00 Loom
15:03 Castle Age
13:39 Double-Bit Axe
13:40 Horse Collar
13:47 Double-Bit Axe
18:21 Wheelbarrow
19:56 Fletching
20:50 Bow Saw
20:50 Heavy Plow
23:54 Bodkin Arrow
24:02 Padded Archer Armor
25:19 Hand Cart
25:30 Leather Archer Armor
27:02 Ballistics
27:19 Thumb Ring
28:29 Masonry
33:10 Imperial Age
32:36 Bloodlines
32:27 Husbandry
32:51 Elite Skirmisher
33:11 Capped Ram
33:17 Heavy Cavalry Archer
34:24 Parthian Tactics
34:14 Gold Mining
36:11 Siege Ram
WaunMan
2:12 Loom
11:12 Feudal Age
11:58 Horse Collar
18:24 Castle Age
18:59 Double-Bit Axe
18:39 Crossbowman
19:19 Fletching
22:53 Pikeman
26:45 Treadmill Crane
29:06 Ballistics
34:31 Imperial Age
33:09 Fortified Wall
36:00 Bodkin Arrow
37:16 Chemistry
37:05 Conscription
MettatostonRay
10:41 Feudal Age
14:34 Castle Age
12:59 Double-Bit Axe
21:43 Bow Saw
23:41 Wheelbarrow
23:53 Scale Barding Armor
25:36 Forging
26:42 Chain Barding Armor
29:23 Hand Cart
30:03 Loom
30:08 Town Watch
30:19 Gold Mining
31:09 Iron Casting
31:55 Husbandry
34:29 Imperial Age
34:33 Cavalier
36:17 Blast Furnace
35:52 Plate Barding Armor
35:49 Paladin
Pwncakes
9:43 Feudal Age
13:54 Castle Age
11:49 Horse Collar
11:57 Double-Bit Axe
13:02 Horse Collar
14:47 Bow Saw
16:50 Heavy Plow
19:01 Wheelbarrow
18:59 Fervor
20:00 Loom
20:35 Hand Cart
23:34 Town Watch
24:17 Gold Mining
24:25 Stone Mining
28:42 Imperial Age
27:33 Scale Mail Armor
29:02 Treadmill Crane
30:59 Onager
31:56 Chain Mail Armor
31:04 Pikeman
33:16 Capped Ram
33:16 Capped Ram
33:18 Man-at-Arms
33:44 Gambesons
34:30 Plate Mail Armor
34:10 Forging
Rua
0:29 Loom
10:49 Feudal Age
14:52 Castle Age
13:19 Double-Bit Axe
14:19 Horse Collar
15:49 Bow Saw
15:47 Heavy Plow
23:03 Stone Mining
25:44 Wheelbarrow
25:46 Fletching
25:54 Town Watch
26:13 Padded Archer Armor
26:41 Gold Mining
26:47 Pikeman
XeroX
10:28 Feudal Age
12:18 Wheelbarrow
15:13 Castle Age
13:46 Double-Bit Axe
13:42 Horse Collar
16:23 Bow Saw
17:43 Heavy Plow
22:39 Gold Mining
24:11 Hand Cart
24:29 Stone Mining
25:15 Gold Shaft Mining
26:36 Fletching
26:51 Town Watch
29:45 Imperial Age
27:13 Bodkin Arrow
27:42 Ballistics
28:10 Padded Archer Armor
28:53 Thumb Ring
28:40 Crossbowman
29:48 Arbalester
31:31 Chemistry
30:57 Onager
Connection lost

Rejoining the realm…

Still unreachable

The connection could not be restored.

Session expired

The server has moved on; the page needs a fresh start.